 Dungeon Sprint DCSS version 0.26.1-2-gb8aa6d0cf2 (webtiles) character file.

Game seed: 8068827586616648370

493 Groucho the Unseen (level 6, -9/30 HPs)
             Began as a Spriggan Enchanter on Feb 17, 2021.
             Was an Elder of Kikubaaqudgha.
             Mangled by a gnoll
             ... wielding a +1 whip of electrocution
              (18 damage)
             ... in the Dungeon (Sprint VII: "The Pits").
             The game lasted 00:05:02 (1001 turns).

Groucho the Unseen (Spriggan Enchanter)             Turns: 1001, Time: 00:05:03

Health: -9/30      AC:  2    Str:  6    XL:     6   Next: 92%
Magic:  2/18       EV: 20    Int: 17    God:    Kikubaaqudgha [****..]
Gold:   0          SH:  0    Dex: 16    Spells: 10/22 levels left

rFire    . . .     SeeInvis +   c - +2 dagger
rCold    . . .     Faith    .   (shield restricted)
rNeg     . . .     Spirit   .   b - +0 robe
rPois    .         Reflect  .   (helmet restricted)
rElec    .         Harm     .   (no cloak)
rCorr    .         Rampage  .   (gloves unavailable)
Will     +....     NoTele   +   (boots unavailable)
Stlth    ++++++....             (no amulet)
HPRegen  0.10/turn              (no ring)
MPRegen  0.16/turn              (no ring)

@: confusing touch, very quick
A: very small, unfitting armour, see invisible, speed 3
a: Renounce Religion, Receive Corpses


You were in the Dungeon.
You worshipped Kikubaaqudgha.
Kikubaaqudgha was greatly pleased with you.
You visited 1 branch

Inventory:

Hand Weapons
 c - a +2 dagger (weapon)
Missiles
 m - 10 stones
Armour
 b - a +0 robe (worn)
Scrolls
 i - a scroll of blinking
 j - 3 scrolls of remove curse
 k - 5 scrolls of amnesia
 l - a scroll of summoning
Potions
 a - 2 potions of invisibility
 d - 6 potions of curing
 e - 6 potions of heal wounds
 g - 3 potions of magic
 h - 2 potions of berserk rage


   Skills:
 + Level 1.1 Fighting
 + Level 2.1 Short Blades
 - Level 4.6 Dodging
 - Level 15.0 Stealth
 + Level 8.9 Spellcasting
 + Level 9.2 Hexes
 + Level 2.7 Necromancy


You had 10 spell levels left.
You knew the following spells:

 Your Spells              Type           Power        Failure   Level
a - Corona                Hex            42%          1%          1
b - Ensorcelled Hibernat  Hex/Ice        46%          2%          2
c - Confusing Touch       Hex            38%          1%          3
d - Tukima's Dance        Hex            38%          1%          3
e - Dazzling Flash        Conj/Hex       46%          4%          3

Your spell library contained the following spells:

 Spells                   Type           Power        Failure   Level
 Pain                     Necr           64%          3%          1
 Sublimation of Blood     Necr           8%           4%          2
 Corpse Rot               Necr/Air       N/A          9%          2
 Vampiric Draining        Necr           8%           10%         3
 Animate Dead             Necr           8%           30%         4
 Dispel Undead            Necr           16%          30%         4
 Agony                    Necr           16%          65%         5
 Excruciating Wounds      Necr           8%           65%         5
 Borgnjor's Vile Clutch   Necr/Erth      6%           83%         5


Dungeon Overview and Level Annotations

Branches:
Dungeon (1/1)

Altars:
Ashenzari
Cheibriados
Dithmenos
Elyvilon
Fedhas
Gozag
Hepliaklqana
Kikubaaqudgha
Makhleb
Nemelex Xobeh
Okawaru
Qazlal
Ru
Sif Muna
Trog
Uskayaw
Vehumet
Wu Jian
Xom
Yredelemnul
Zin
The Shining One
Beogh
Jiyva
Lugonu


Innate Abilities, Weirdness & Mutations

You are very small and have problems with some larger weapons.
You are too small for most types of armour.
You have supernaturally acute eyesight. (SInv)
You cover ground extremely quickly.


Message History

Kikubaaqudgha accepts your kill. The crimson imp misses you.
Casting: Confusing Touch (safe; 1% risk of failure)
Confirm with . or Enter, or press ? or * to list all spells.
Your hands begin to glow red.
The gnoll misses you. The crimson imp completely misses you.
You catch the helpless gnoll completely off-guard!
You hit the gnoll but do no damage.
The gnoll hits the gnoll with a +1 whip of electrocution!
Lightning courses through the gnoll!
The gnoll is killed!
Kikubaaqudgha accepts your kill. The crimson imp misses you.
You hit the gnoll but do no damage.
The gnoll hits you with a +1 whip of electrocution.
* * * LOW HITPOINT WARNING * * *
You are electrocuted!!
Ouch! That really hurt!
You die...
Kikubaaqudgha rasps: "You have failed me!
Welcome... death!"

#.?..')))'.##.....
##########.##.....
#.....5....)'.....
#'#####'#####.....
#.#.....#[[##.....
#.#.....#))#####'#
#.###'###))##.....
#5#.....#))##.....
#@#.....#..##.....
#g####'##'###...<.
#5#†.......##.....
#.#........##.....
#'###########.....
#.....g.# ######
#..)#.hg# #...# .#
#.##.


You could see a quasit, a gnoll (confused) and a crimson imp.

Vanquished Creatures
  Prince Ribbit (D)
  A warg (D)
  A scorpion (D)
  An orc priest (D)
  A gnoll shaman (D)
  An orc wizard (D)
  3 gnolls (D)
  3 oozes (D)
  A leopard gecko (D)
  An orc (D)
  A bat (D)
  A kobold (D)
  2 quokkas (D)
18 creatures vanquished.

Notes
Turn   | Place    | Note
-------+----------+-------------------------------------------
     0 | D        | Groucho the Spriggan Enchanter began the quest for the Orb.
     0 | D        | Reached XP level 1. HP: 9/9 MP: 5/5
    12 | D        | Reached skill level 5 in Stealth
    39 | D        | Found a bloodstained altar of Trog.
    39 | D        | Found a shimmering blue altar of Sif Muna.
    39 | D        | Found a viscous altar of Jiyva.
    39 | D        | Found a hazy altar of Hepliaklqana.
    39 | D        | Found an opulent altar of Gozag.
    40 | D        | Found a glowing golden altar of the Shining One.
    40 | D        | Found a glowing silver altar of Zin.
    40 | D        | Found a basalt altar of Yredelemnul.
    40 | D        | Found a shimmering altar of Xom.
    40 | D        | Found an ornate altar of the Wu Jian Council.
    40 | D        | Found a sacrificial altar of Ru.
    40 | D        | Found a stormy altar of Qazlal.
    40 | D        | Found an iron altar of Okawaru.
    40 | D        | Found a sparkling altar of Nemelex Xobeh.
    40 | D        | Found a burning altar of Makhleb.
    40 | D        | Found a blossoming altar of Fedhas.
    40 | D        | Found a white marble altar of Elyvilon.
    40 | D        | Found a shadowy altar of Dithmenos.
    40 | D        | Found a snail-covered altar of Cheibriados.
    42 | D        | Found a radiant altar of Vehumet.
    42 | D        | Found a corrupted altar of Lugonu.
    42 | D        | Found a roughly hewn altar of Beogh.
    43 | D        | Found a hide-covered altar of Uskayaw.
    43 | D        | Found an ancient bone altar of Kikubaaqudgha.
    43 | D        | Found a broken altar of Ashenzari.
    52 | D        | Became a worshipper of Kikubaaqudgha
    76 | D        | Reached skill level 6 in Stealth
   280 | D        | Reached * piety under Kikubaaqudgha
   280 | D        | Identified Kikubaaqudgha's Grimoire of Dark Magic
                  | (Kikubaaqudgha gifted it to you in the Dungeon)
   280 | D        | Received a gift from Kikubaaqudgha
   281 | D        | Reached skill level 7 in Stealth
   281 | D        | Reached XP level 2. HP: 13/13 MP: 7/7
   289 | D        | Learned a level 2 spell: Ensorcelled Hibernation
   299 | D        | Noticed Prince Ribbit
   312 | D        | Killed Prince Ribbit
   313 | D        | Reached skill level 13 in Stealth
   313 | D        | Reached XP level 3. HP: 6/16 MP: 0/12
   313 | D        | Reached XP level 4. HP: 8/21 MP: 0/14
   313 | D        | Reached XP level 5. HP: 10/24 MP: 0/15
   353 | D        | Reached ** piety under Kikubaaqudgha
   882 | D        | Noticed a warg
   901 | D        | Learned a level 3 spell: Confusing Touch
   905 | D        | Learned a level 3 spell: Tukima's Dance
   909 | D        | Learned a level 3 spell: Dazzling Flash
   910 | D        | Reached *** piety under Kikubaaqudgha
   910 | D        | Identified Kikubaaqudgha's Incunabulum of Unholy Arts
                  | (Kikubaaqudgha gifted it to you in the Dungeon)
   910 | D        | Received a gift from Kikubaaqudgha
   911 | D        | Reached skill level 14 in Stealth
   911 | D        | Reached XP level 6. HP: 28/28 MP: 15/18
   933 | D        | Killed a warg
   934 | D        | Reached skill level 15 in Stealth
   994 | D        | Reached **** piety under Kikubaaqudgha
   995 | D        | Reached skill level 1 in Fighting
  1001 | D        | Mangled by a gnoll

Illustrated notes

Levels and vault maps discovered:
D:        pitsprint [storerooms_1, entrance_room_1, metal_vault_4, armoury_1,
          mini_pit_1, grid_room_1, main_hall_1, silver_pit, the_coven_2,
          the_vestibule_1, steel_vault_1, golden_pit, hallway_of_sentries,
          crystal_vault_4, iron_vault_4, final_vault]

Skill      XL: |  1  2  3  4  5  6 |
---------------+-------------------+-----
Stealth        | 7 13 14 15 | 15.0
Spellcasting   | 3 7 8 |  8.9
Hexes          | 4 7 8 9 |  9.2
Dodging        | 4 |  4.6
Necromancy     | 2 |  2.7
Fighting       | 1 |  1.1
Short Blades   | 2 |  2.1

Action                   |  1- 3 |  4- 6 || total
-------------------------+-------+-------++-------
Melee: Dagger            |    20 |    52 ||    72
 Cast: Ensorcelled Hiber |     3 |    15 ||    18
       Confusing Touch   |       |     6 ||     6
  Use: Potion            |     1 |     2 ||     3
 Stab: Sleeping          |     4 |     6 ||    10
       Confused          |       |     5 ||     5
Armor: Robe              |       |     1 ||     1
Dodge: Dodged            |    16 |    43 ||    59
